 Dungeon Crawl Stone Soup version 0.21.0-3-g78d12a8 (webtiles) character file.

53 MTVSty1e the Slasher (level 4, -3/49 HPs)
             Began as a Human Skald on Jan 9, 2018.
             Slain by a worm (9 damage)
             ... on level 2 of the Dungeon.
             The game lasted 00:02:12 (1961 turns).

MTVSty1e the Slasher (Human Skald)                  Turns: 1961, Time: 00:02:13

Health: -3/49      AC:  3    Str: 17    XL:     4   Next: 10%
Magic:  7/7        EV: 12    Int: 13    God:
Gold:   93         SH:  0    Dex: 13    Spells: 6/7 levels left

rFire    . . .     SeeInvis .   a - +0 falchion
rCold    . . .     Gourm    .   (no shield)
rNeg     . . .     Faith    .   b - +0 leather armour
rPois    .         Spirit   .   (no helmet)
rElec    .         Reflect  .   (no cloak)
rCorr    .         Harm     .   (no gloves)
MR       .....                  (no boots)
Stlth    ..........             (no amulet)
HPRegen  0.16/turn              (no ring)
MPRegen  0.10/turn              (no ring)

@: berserking, very quick
A: no striking features
a: no special abilities


You were on level 2 of the Dungeon.
You were not hungry.

You visited 1 branch of the dungeon, and saw 2 of its levels.

You collected 93 gold pieces.

Inventory:

Hand Weapons
 a - a +0 falchion (weapon)
Armour
 b - a +0 leather armour (worn)
Jewellery
 n - a +1 ring of evasion {unknown}
Scrolls
 f - 3 scrolls of identify
 g - a scroll of amnesia
 h - a scroll of immolation {unknown}
 i - 2 scrolls of remove curse
 m - 2 scrolls of enchant weapon {unknown}
 o - a scroll of enchant armour {unknown}
Potions
 j - a potion of flight {unknown}
 k - a potion of heal wounds {unknown}
 l - a potion of brilliance {unknown}
 p - a potion of agility {unknown}
 q - a potion of curing {unknown}
Books
 c - a book of Battle

   Spells                             Type                      Level
   a - Infusion                       Charms                       1
   b - Shroud of Golubria             Charms/Translocation         2
   c - Song of Slaying                Charms                       2
   d - Spectral Weapon                Hexes/Charms                 3
   e - Regeneration                   Charms/Necromancy            3
Comestibles
 d - 2 rations


   Skills:
 - Level 2.0 Fighting
 + Level 4.1 Long Blades
 - Level 1.0 Armour
 - Level 2.0 Dodging
 - Level 2.0 Spellcasting
 - Level 3.0 Charms


You had 6 spell levels left.
You knew the following spells:

 Your Spells              Type           Power        Failure   Level  Hunger
a - Infusion              Chrm           #...         9%          1    ##.....


Dungeon Overview and Level Annotations

Branches:
Dungeon (2/15)

Altars:
Fedhas
Trog


Message History

* * * LOW HITPOINT WARNING * * *
You slash the worm!
The worm is severely wounded.
The moth of wrath goads the rat on!
The rat goes berserk!
The rat barely misses you.
You slash the worm!
The worm is almost dead.
The rat bites you.
* * * LOW HITPOINT WARNING * * *
The rat bites you.
* * * LOW HITPOINT WARNING * * *
The worm misses you.
You completely miss the worm.
The worm is almost dead.
The rat bites you.
* * * LOW HITPOINT WARNING * * *
The rat misses you.
You riposte.
You slash the rat!
You kill the rat!
The worm bites you!
You die...

..#...# #.###.#.#.# #####.#
#.##.## ####.......#.#
#.>...# ......#
#............# #.#####
#.##.## #.###.####.#######.#
#)#######.###.####.####....#
..# #......###.......######
.#####.##[#.##.........##
.....#.##.#.#...........#
.......##.. #..r@###....#
.###.######.#..w##y##...# .#
#.# .#....###....# .# #.#
##.........## ## #.#
###.).._..))# ...
#.##......)## ...
#.####...### ... #.# ####
..... #.# #.#


You could see a moth of wrath, a worm (berserk) and a rat (berserk).

Vanquished Creatures
  An adder (D:2)
  2 dart slugs (D:1)
  A leopard gecko (D:1)
  4 bats (D:1)
  5 giant cockroaches
  5 goblins
  2 hobgoblins (D:1)
  3 jackals (D:2)
  4 kobolds (D:1)
  A quokka (D:2)
  3 frilled lizards
  7 rats
38 creatures vanquished.

Notes
Turn   | Place    | Note
-------+----------+-------------------------------------------
     0 | D:1      | MTVSty1e the Human Skald began the quest for the Orb.
     0 | D:1      | Reached XP level 1. HP: 16/16 MP: 3/3
    59 | D:1      | Reached XP level 2. HP: 11/22 MP: 5/5
   252 | D:1      | Reached skill level 3 in Long Blades
   434 | D:1      | Reached XP level 3. HP: 25/27 MP: 6/6
  1261 | D:2      | Reached skill level 4 in Long Blades
  1261 | D:2      | Reached XP level 4. HP: 11/33 MP: 7/7
  1507 | D:2      | Found a blossoming altar of Fedhas.
  1944 | D:2      | Noticed a moth of wrath
  1947 | D:2      | Found a bloodstained altar of Trog.
  1961 | D:2      | Slain by a worm

Skill      XL: |  1  2  3 |
---------------+----------+-----
Long Blades    | 3 4 |  4.1
Fighting       | |  2.0
Armour         | |  1.0
Dodging        | |  2.0
Spellcasting   | |  2.0
Charms         | |  3.0

Action                   |  1- 3 |  4- 6 || total
-------------------------+-------+-------++-------
Melee: Falchion          |    90 |    15 ||   105
  Use: Scroll            |     3 |       ||     3
       Potion            |       |     1 ||     1
 Stab: Sleeping          |     1 |       ||     1
  Eat: Chunk             |     1 |     1 ||     2
       Ration            |       |     1 ||     1
Armor: Leather armour    |    24 |     4 ||    28
Dodge: Dodged            |    65 |    14 ||    79
       Rpst.: Falchion   |    15 |     3 ||    18
